Map: [ESL] Altitude

Players

Nina - Winner!

  • Race: Protoss Protoss
  • Spawn Location: 7:00

Ukko

  • Race: Zerg Zerg
  • Spawn Location: 1:00

Event: ESL SC2 Masters 2023 Summer (Regionals)

VOD

Have the link to the VOD?

Description

Time

  • Played on: May 10, 2023, 4:19 p.m.
  • Length: 25:27

All games in this series

Show
View Real Time Build Order
Export as new Build Order

Nina Protoss - Winner!

Build Orders: 1 Gate Expand, Oracle Opening, Carriers 

Get SALT Encoding   

  12  0:00  Probe  
  13  0:12  Probe  
  14  0:18  Pylon  
  14  0:24  Probe (Chrono Boost)  
  15  0:36  Probe (Chrono Boost)  
  15  0:38  Gateway  
  16  0:45  Probe (Chrono Boost)  
  17  0:51  Probe  
  17  0:52  Assimilator  
  18  1:03  Probe  
  19  1:15  Probe  
  20  1:25  Nexus  
  20  1:37  Cybernetics Core  
  20  1:39  Probe  
  21  1:46  Assimilator  
  21  1:51  Probe  
  22  1:55  Pylon  
  22  2:03  Probe (Chrono Boost)  
  23  2:14  Probe (Chrono Boost)  
  23  2:15  Adept  
  26  2:19  Stargate  
  26  2:20  Probe (Chrono Boost)  
  27  2:29  Warp Gate  
  27  2:32  Probe (Chrono Boost)  
  28  2:39  Probe (Chrono Boost)  
  28  2:41  Probe (Chrono Boost)  
  30  2:45  Adept  
  30  2:47  Probe (Chrono Boost)  
  30  2:50  Probe (Chrono Boost)  
  34  2:52  Probe (Chrono Boost)  
  35  3:00  Probe  
  35  3:03  Oracle (Chrono Boost)  
  35  3:04  Probe  
  40  3:12  Probe  
  41  3:13  Pylon  
  41  3:16  Probe  
  42  3:24  Probe  
  43  3:28  Probe  
  44  3:34  Pylon  
  44  3:36  Oracle  
  44  3:37  Probe (Chrono Boost)  
  44  3:40  Probe (Chrono Boost)  
  49  3:47  Nexus  
  50  3:52  Probe (Chrono Boost)  
  50  3:53  Shield Battery  
  50  3:54  Probe (Chrono Boost)  
  51  3:57  Probe (Chrono Boost)  
  51  4:01  Gateway  
  52  4:03  Assimilator  
  52  4:04  Probe  
  52  4:06  Probe  
  52  4:07  Assimilator  
  54  4:11  Oracle (Chrono Boost)  
  54  4:16  Probe  
  58  4:20  Probe  
  58  4:23  Twilight Council  
  59  4:27  Pylon  
  59  4:28  Probe  
  60  4:32  Probe  
  60  4:34  Gateway  
  60  4:36  Gateway  
  61  4:44  Probe (Chrono Boost)  
  61  4:45  Probe (Chrono Boost), Stalker  
  65  4:55  Probe (Chrono Boost), Forge  
  65  4:57  Probe (Chrono Boost), Stalker  
  69  5:00  Probe (Chrono Boost), Blink (Chrono Boost)  
  69  5:01  Probe (Chrono Boost)  
  69  5:05  Probe  
  72  5:11  Probe, Stalker  
  72  5:13  Probe  
  76  5:17  Probe, Pylon  
  77  5:21  Stalker  
  77  5:23  Probe  
  77  5:25  Probe  
  77  5:26  Protoss Ground Weapons Level 1 (Chrono Boost)  
  81  5:29  Probe  
  82  5:35  Assimilator  
  82  5:36  Probe, Assimilator  
  82  5:37  Probe  
  82  5:41  Stalker x2  
  82  5:42  Stalker  
  90  5:43  Probe  
  90  5:47  Stalker  
  93  5:50  Pylon  
  93  5:57  Robotics Facility  
  93  6:01  Pylon  
  93  6:02  Templar Archives  
  93  6:08  Probe x3  
  96  6:14  Stalker x2  
  100  6:20  Probe x3, Nexus  
  103  6:32  Probe  
  104  6:36  Gateway  
  104  6:37  Gateway  
  104  6:38  Gateway  
  104  6:39  Gateway  
  104  6:44  Gateway  
  102  6:52  High Templar x4  
  102  6:53  Observer (Chrono Boost)  
  109  6:56  Pylon  
  109  6:59  Pylon  
  109  7:12  Immortal (Chrono Boost)  
  109  7:14  Probe  
  114  7:18  Pylon  
  114  7:19  Pylon  
  114  7:21  Pylon  
  114  7:25  Protoss Ground Weapons Level 2 (Chrono Boost), Shield Battery  
  114  7:26  Stalker x4  
  122  7:30  Pylon x2  
  122  7:34  Probe  
  122  7:36  Probe  
  124  7:37  Probe  
  124  7:38  Probe, Shield Battery  
  124  7:40  Photon Cannon  
  124  7:42  High Templar x2  
  130  7:48  Photon Cannon  
  130  7:49  Shield Battery  
  130  7:51  Probe x2 (Chrono Boost), Immortal (Chrono Boost)  
  134  7:52  Probe (Chrono Boost)  
  134  7:56  Probe (Chrono Boost)  
  134  7:58  Psionic Storm  
  138  8:01  Charge  
  138  8:02  Probe (Chrono Boost)  
  138  8:04  Assimilator x2  
  139  8:09  Probe, Fleet Beacon  
  139  8:12  Probe  
  141  8:16  Probe  
  141  8:17  Probe  
  141  8:18  Photon Cannon  
  143  8:20  Pylon  
  143  8:21  Probe  
  143  8:24  Probe, Zealot x3  
  151  8:29  Probe  
  151  8:31  Immortal (Chrono Boost)  
  154  8:37  Zealot x4  
  162  8:46  Stargate  
  162  8:47  Pylon  
  162  8:51  Photon Cannon  
  162  9:06  Warp Prism  
  162  9:07  Zealot x4  
  162  9:08  Zealot x5  
  182  9:23  Protoss Air Weapons Level 1  
  182  9:27  Stargate  
  182  9:29  Stargate  
  182  9:31  Nexus  
  182  9:35  Carrier (Chrono Boost)  
  182  9:36  Carrier (Chrono Boost)  
  191  9:43  High Templar x2  
  195  9:47  Pylon x2  
  193  10:04  Protoss Ground Weapons Level 3 (Chrono Boost)  
  193  10:08  Photon Cannon  
  193  10:10  Photon Cannon  
  189  10:18  Zealot x2  
  189  10:19  Zealot x3  
  199  10:24  Pylon  
  199  10:27  Pylon  
  181  10:36  Carrier (Chrono Boost)  
  181  10:37  Zealot x4  
  175  10:45  Carrier (Chrono Boost)  
  166  10:50  Carrier x2 (Chrono Boost)  
  177  10:58  Zealot x9  
  187  11:23  High Templar x2  
  181  11:33  Carrier  
  181  11:35  Photon Cannon  
  181  11:37  Photon Cannon  
  181  11:39  Nexus  
  187  11:41  Photon Cannon  
  187  11:42  Shield Battery  
  187  11:44  Protoss Air Weapons Level 2 (Chrono Boost)  
  187  11:45  Photon Cannon  
  187  11:56  Carrier  
  187  11:58  Pylon  
  187  11:59  Observer  
  187  12:00  Pylon  
  183  12:09  Observer  
  178  12:17  Zealot x8  
  178  12:18  Zealot  
  194  12:23  Carrier (Chrono Boost)  
  188  12:44  Probe  
  188  12:45  Carrier (Chrono Boost)  
  188  12:46  Shield Battery  
  188  12:49  Photon Cannon  
  188  12:50  Photon Cannon  
  189  12:51  Photon Cannon  
  189  12:53  Photon Cannon  
  189  12:55  High Templar x2  
  189  12:56  High Templar x3  
  199  13:03  Photon Cannon  
  199  13:05  Pylon, Archon x2  
  199  13:09  Protoss Shields Level 1 (Chrono Boost)  
  199  13:16  Assimilator  
  199  13:18  Assimilator  
  199  14:04  Nexus  
  199  14:05  Gateway  
  199  14:07  Gateway  
  199  14:09  Gateway  
  199  14:10  Gateway x2  
  199  14:12  Gateway  
  199  14:13  Nexus  
  196  14:17  Pylon  
  196  14:18  Pylon  
  196  14:31  Zealot  
  190  14:51  Carrier  
  196  15:06  Observer, Carrier  
  200  15:09  Protoss Shields Level 2 (Chrono Boost)  
  200  15:17  Pylon  
  200  15:19  Dark Shrine, Pylon  
  200  15:32  Protoss Air Weapons Level 3 (Chrono Boost)  
  196  15:43  Zealot x3  
  196  15:44  Zealot  
  196  15:47  Probe  
  196  15:48  Probe x4  
  196  15:49  Probe  
  200  16:04  Shield Battery  
  198  16:06  Photon Cannon  
  198  16:08  Photon Cannon  
  198  16:09  Probe  
  198  16:10  Photon Cannon  
  199  16:15  Photon Cannon  
  199  16:17  Photon Cannon  
  199  16:19  Assimilator  
  199  16:20  Assimilator  
  196  16:29  Oracle x2  
  200  16:41  Shadow Stride  
  198  17:11  Shield Battery  
  198  17:13  Photon Cannon x2  
  198  17:15  Unknown, Photon Cannon  
  198  17:17  Photon Cannon  
  198  17:18  Photon Cannon  
  198  17:19  Photon Cannon  
  198  17:21  Robotics Bay, Photon Cannon  
  198  17:23  Photon Cannon, Shield Battery  
  198  17:25  Photon Cannon  
  198  17:26  Assimilator  
  198  17:28  Photon Cannon  
  198  17:30  Dark Templar, Shield Battery  
  198  17:31  Pylon, Assimilator  
  198  17:33  Photon Cannon  
  198  17:36  Photon Cannon  
  200  17:38  Photon Cannon  
  198  17:45  Photon Cannon  
  198  17:47  Pylon  
  198  17:54  Observer  
  197  18:16  Photon Cannon  
  197  18:18  Photon Cannon  
  197  18:20  Shield Battery  
  197  18:22  Pylon  
  191  18:49  Protoss Air Armor Level 1 (Chrono Boost)  
  191  18:54  Dark Templar x3  
  197  18:57  Dark Templar  
  197  19:16  Zealot x2  
  195  19:26  Gateway  
  195  19:27  Gateway  
  191  19:35  Warp Prism  
  189  19:50  Zealot x7  
  199  20:01  Shield Battery  
  199  20:03  Photon Cannon  
  199  20:04  Photon Cannon  
  199  20:05  Protoss Shields Level 3 (Chrono Boost)  
  199  20:06  Photon Cannon x2  
  199  20:07  Photon Cannon  
  199  20:10  Photon Cannon  
  197  20:30  Nexus  
  197  20:31  Carrier x2 (Chrono Boost)  
  175  20:40  Zealot x4  
  175  20:41  Zealot  
  175  20:42  Zealot x10  
  184  20:43  Zealot x2  
  184  20:48  Carrier (Chrono Boost)  
  190  20:54  Carrier (Chrono Boost)  
  188  21:14  Protoss Air Armor Level 2  
  188  21:17  Zealot x3  
  188  21:18  Zealot x8  
  190  21:19  Zealot x3  
  190  21:22  Carrier (Chrono Boost)  
  194  21:28  Pylon  
  194  21:29  Pylon  
  190  21:38  Warp Prism (Chrono Boost)  
  184  21:40  Gravitic Drive  
  184  21:45  Stalker x6  
  184  21:46  Stalker x4  
  198  21:55  Shield Battery  
  198  21:57  Photon Cannon  
  198  21:58  Photon Cannon  
  198  21:59  Photon Cannon  
  198  22:03  Photon Cannon  
  198  22:06  Photon Cannon  
  198  22:10  Observer (Chrono Boost), Assimilator  
  179  22:16  Dark Templar  
  179  22:18  Dark Templar x6  
  177  22:28  Dark Templar x8  
  177  22:29  Dark Templar x2  
  154  22:49  Stalker  
  154  22:50  Stalker x6  
  168  23:01  Carrier x2 (Chrono Boost)  
  180  23:10  Carrier x2 (Chrono Boost)  
  168  23:18  Nexus  
  178  23:20  Pylon  
  178  23:22  Pylon, Dark Templar  
  180  23:27  Assimilator  
  180  23:31  Immortal (Chrono Boost)  
  180  23:34  Nexus  
  180  23:36  Pylon  
  180  23:38  Pylon  
  177  23:48  High Templar x6  
  177  23:49  High Templar x5  
  177  23:53  Archon x2  
  177  23:54  Archon x3  
  199  24:08  High Templar x2  
  199  24:15  Shield Battery  
  199  24:16  Photon Cannon  
  197  24:17  Dark Templar  
  197  24:19  Photon Cannon  
  197  24:20  Photon Cannon  
  197  24:21  Photon Cannon  
  199  24:24  Photon Cannon  
  199  24:27  Photon Cannon  
  199  24:30  Assimilator  
  199  24:37  Probe  
  199  24:38  Probe x6  
  142  25:15  Stalker  
  142  25:16  Stalker x10  
  142  25:17  Stalker x6  
Show
View Real Time Build Order
Export as new Build Order

Ukko Zerg 

Build Orders: Hatch First, Lurkers 

Get SALT Encoding   

  12  0:00  Drone  
  13  0:11  Overlord  
  13  0:17  Drone  
  14  0:30  Drone  
  15  0:44  Hatchery  
  15  0:48  Drone  
  15  0:52  Drone  
  15  0:56  Drone  
  17  1:11  Spawning Pool  
  17  1:14  Extractor, Drone  
  16  1:18  Drone  
  16  1:23  Drone  
  18  1:32  Drone  
  19  1:44  Drone  
  20  1:52  Overlord  
  20  1:57  Queen  
  20  1:58  Queen  
  20  1:59  Zergling x2  
  25  2:06  Zergling x2  
  26  2:09  Drone  
  26  2:15  Drone  
  28  2:18  Drone, Metabolic Boost  
  29  2:25  Drone  
  29  2:29  Drone  
  31  2:41  Hatchery  
  30  2:45  Drone  
  30  2:49  Queen  
  33  2:54  Overlord  
  33  2:56  Drone  
  34  2:59  Drone  
  34  3:02  Drone  
  36  3:09  Overlord  
  36  3:12  Queen  
  38  3:14  Drone  
  38  3:19  Drone x2  
  41  3:20  Drone  
  41  3:21  Drone  
  43  3:27  Queen  
  43  3:32  Spore Crawler  
  44  3:37  Drone x3  
  44  3:41  Overlord  
  47  3:46  Drone x3  
  50  3:57  Drone x3  
  50  4:00  Drone x3  
  56  4:05  Queen  
  56  4:09  Overlord x2  
  58  4:11  Drone  
  58  4:13  Spore Crawler  
  58  4:15  Spore Crawler  
  58  4:16  Drone  
  58  4:23  Drone x4  
  61  4:24  Drone  
  61  4:27  Drone x2  
  64  4:32  Lair  
  64  4:36  Overlord  
  64  4:37  Drone x2  
  65  4:52  Hatchery, Roach Warren, Drone x2  
  65  4:55  Extractor  
  65  4:56  Evolution Chamber  
  65  4:58  Overlord  
  63  5:00  Drone x2  
  63  5:06  Drone x5  
  70  5:09  Drone x3  
  70  5:12  Overlord  
  73  5:16  Overlord  
  73  5:24  Extractor, Drone x2, Zerg Missile Weapons Level 1  
  73  5:25  Extractor  
  73  5:28  Drone x6  
  79  5:33  Drone x3  
  81  5:36  Overseer  
  81  5:42  Drone x8  
  89  5:44  Extractor  
  89  5:45  Extractor  
  89  5:47  Overseer, Glial Reconstitution  
  87  5:53  Drone, Overlord  
  87  5:54  Overlord  
  92  5:57  Roach x2  
  92  6:02  Roach x3  
  98  6:05  Roach x2  
  98  6:10  Roach  
  104  6:16  Roach, Zergling x14  
  104  6:17  Infestation Pit  
  113  6:20  Roach x2  
  117  6:27  Roach  
  116  6:38  Roach x2  
  116  6:39  Overlord x7  
  117  6:41  Roach, Zergling x2  
  117  6:46  Roach, Zergling x4  
  120  6:53  Roach  
  120  6:54  Overlord x5  
  120  7:00  Infestation Pit  
  118  7:02  Spore Crawler  
  118  7:04  Drone x7  
  115  7:17  Drone x6  
  115  7:20  Drone x4  
  125  7:25  Drone  
  125  7:28  Drone x5  
  131  7:30  Zerg Missile Weapons Level 2  
  131  7:39  Hive  
  131  7:40  Hydralisk Den  
  131  7:44  Extractor x2  
  129  7:45  Drone  
  129  7:46  Drone  
  129  7:47  Drone x6  
  140  7:51  Roach x2  
  140  7:55  Roach x3  
  146  8:02  Roach  
  148  8:09  Hatchery  
  148  8:10  Lurker Den  
  148  8:11  Grooved Spines  
  148  8:12  Ravager x4  
  149  8:13  Roach x5  
  160  8:25  Roach x9  
  177  8:28  Zergling x8  
  178  8:39  Hydralisk x6  
  190  8:43  Hydralisk x3  
  196  8:52  Hydralisk x2  
  200  8:58  Overlord  
  194  9:09  Seismic Spines  
  194  9:10  Lurker x4  
  198  9:20  Extractor  
  198  9:23  Hydralisk, Extractor, Lurker x2  
  199  9:24  Zergling x2  
  200  9:45  Overseer  
  200  9:46  Overseer  
  200  9:52  Spore Crawler  
  199  9:58  Lurker x2  
  199  10:11  Zerg Missile Weapons Level 3  
  199  10:12  Adrenal Glands  
  196  10:14  Evolution Chamber  
  196  10:18  Hydralisk x3  
  198  10:27  Adaptive Talons  
  198  10:30  Muscular Augments  
  198  10:31  Hydralisk  
  185  10:36  Viper x2  
  184  10:50  Hydralisk x5  
  184  10:51  Hydralisk x3  
  191  10:58  Hydralisk x4  
  194  11:07  Zerg Ground Armor Level 1  
  192  11:18  Lurker x3  
  187  11:25  Hydralisk x6  
  181  11:33  Lurker x2  
  181  11:36  Drone x8  
  181  11:37  Drone x4, Spine Crawler  
  181  11:38  Hydralisk x2, Spine Crawler  
  193  12:03  Hydralisk x8  
  193  12:05  Hydralisk x6  
  199  12:08  Lurker  
  195  12:19  Lurker x4  
  195  12:22  Hydralisk, Lurker x4  
  184  12:32  Hydralisk x5  
  184  12:33  Hydralisk x10  
  190  12:43  Lurker  
  190  12:44  Lurker x3  
  194  12:45  Zergling x12  
  194  12:51  Zerg Melee Weapons Level 1  
  200  13:04  Spire, Spine Crawler x2  
  200  13:05  Spine Crawler  
  196  13:06  Ultralisk Cavern  
  196  13:07  Hatchery  
  196  13:09  Extractor  
  196  13:10  Extractor  
  191  13:38  Lurker x3  
  184  13:42  Hydralisk x9  
  196  13:49  Lurker x3  
  196  13:50  Zerg Ground Armor Level 2  
  197  14:18  Hatchery, Zerg Flyer Weapons Level 1, Spore Crawler  
  197  14:19  Spine Crawler  
  197  14:21  Spine Crawler  
  197  14:22  Spine Crawler  
  185  14:29  Corruptor x5  
  185  14:30  Corruptor x2  
  189  14:40  Corruptor x3  
  189  14:41  Corruptor  
  184  14:52  Chitinous Plating  
  177  14:55  Extractor  
  177  14:58  Spore Crawler x2  
  177  14:59  Spore Crawler  
  169  15:01  Ultralisk, Spore Crawler  
  169  15:05  Zergling x34  
  187  15:13  Ultralisk  
  193  15:16  Drone x4  
  197  15:22  Spine Crawler  
  196  15:28  Spine Crawler  
  196  15:32  Zerg Melee Weapons Level 2  
  195  15:49  Ultralisk x2  
  194  15:58  Spine Crawler, Ultralisk  
  194  16:03  Corruptor x2  
  199  16:08  Zerg Ground Armor Level 3  
  199  16:10  Anabolic Synthesis  
  199  16:12  Zerg Flyer Armor Level 1  
  199  16:16  Drone x2, Spine Crawler x2  
  199  16:20  Hatchery  
  192  16:36  Ultralisk, Corruptor  
  198  16:47  Pathogen Glands  
  198  17:08  Corruptor  
  199  17:34  Extractor  
  199  17:36  Extractor  
  197  17:43  Corruptor x6  
  199  17:44  Neural Parasite  
  199  17:45  Viper  
  198  17:51  Overseer  
  198  17:52  Overseer  
  198  17:53  Overseer  
  198  17:54  Pneumatized Carapace  
  195  18:01  Infestor x2  
  195  18:04  Zerg Melee Weapons Level 3  
  199  18:18  Zerg Flyer Armor Level 2  
  196  18:46  Ultralisk x2  
  195  19:18  Overlord x3  
  195  19:19  Corruptor x4  
  191  19:30  Hatchery, Corruptor x4  
  192  19:32  Ultralisk  
  198  19:41  Overseer  
  198  19:44  Hatchery  
  193  19:56  Ultralisk  
  189  20:31  Infestor x7  
  189  20:34  Zerg Flyer Weapons Level 2  
  166  20:59  Hatchery  
  165  21:04  Viper x2  
  171  21:11  Overseer  
  171  21:28  Queen  
  173  21:33  Hatchery  
  160  21:42  Zergling x22  
  171  22:05  Infestor  
  171  22:06  Ultralisk x2  
  182  22:16  Overseer x2  
  170  22:30  Infestor x2  
  170  22:35  Zergling x16  
  175  23:02  Infestor  
  169  23:14  Hatchery  
  168  23:20  Drone x9  
  170  23:58  Ultralisk x2  
  170  23:59  Zergling x14  
  184  24:15  Hatchery  
  183  24:22  Drone x3  
  186  24:24  Extractor  
  186  24:26  Extractor  
  184  24:32  Infestor  
  185  24:47  Overlord x3  
Tags
 
Add a new tag
Caveats
  • Supply blocks, unpowered buildings, or Contaminate may cause inaccurate times.
  • Supply counts are checked every 10 seconds.